AoeStats
← Bleda

Four Lakes

510135090Analyzed
1v1 RM · 2d ago on Sep 29, 2026· 19m 35s· 2 players
Game mode
Random Map
Map size
Tiny (2 player)
Population
200
Speed
Normal
Resources
Standard
Victory
Conquest
Starting age
Dark Age
Ending age
Imperial Age
RankedLock teamsTeams togetherTeam positionsShared explorationLock speedFull tech treeHidden civsTurbo modeCheats
Victory
Defeat
🇹🇷 Gurjaras · Türkiye
1210
+17
🇵🇪 Japanese · Peru
1239
-17
Pikachu
5:28 Loom
10:12 Feudal Age
11:39 Double-Bit Axe
15:39 Man-at-Arms
16:28 Horse Collar
17:28 Arson
17:39 Fletching
Bleda
10:11 Feudal Age
10:57 Loom
11:01 Double-Bit Axe
17:24 Castle Age
17:25 Stone Mining
18:52 Fletching
19:37 Bodkin Arrow
Connection lost

Rejoining the realm…

Still unreachable

The connection could not be restored.

Session expired

The server has moved on; the page needs a fresh start.